 Dungeon Crawl Stone Soup version 0.26-a0-1139-g7d2dc893a1 (webtiles) character file.

Game seed: 11790465095350949450

3771 mhtbhm the Cleaver (level 10, -2/88 HPs)
             Began as a Hill Orc Fighter on Dec 21, 2020.
             Slain by an eight-headed hydra (12 damage)
             ... on level 8 of the Dungeon.
             The game lasted 00:13:38 (8708 turns).

mhtbhm the Cleaver (Hill Orc Fighter)               Turns: 8708, Time: 00:13:39

Health: -2/88      AC: 14    Str: 29    XL:     10   Next: 16%
Magic:  10/10      EV: 12    Int:  8    God:
Gold:   380        SH: 11    Dex: 10    Spells: 9/9 levels left

rFire    . . .     SeeInvis .   J - +4 war axe (flame)
rCold    . . .     Faith    +   c - +0 kite shield
rNeg     . . .     Spirit   .   b - +0 chain mail
rPois    .         Reflect  .   t - +0 helmet
rElec    .         Harm     .   x - +0 cloak
rCorr    .         Rampage  .   (no gloves)
Will     .....                  f - +0 pair of boots
Stlth    ..........             F - amulet of faith
HPRegen  0.24/turn              a - +4 ring of evasion
MPRegen  0.12/turn              n - +6 ring of strength

@: mighty
A: no striking features
a: no special abilities


You were on level 8 of the Dungeon.
You visited 2 branches of the dungeon, and saw 9 of its levels.
You also visited: Sewer.

You collected 380 gold pieces.

Inventory:

Hand Weapons
 D - the +5 hunting sling of Objectivity {speed, Int+4}
   (You found it on level 4 of the Dungeon)

   Attacks with this weapon are significantly faster.
   It affects your intelligence (+4).
 J - a +4 war axe of flaming (weapon)
Missiles
 h - a throwing net (quivered)
 k - 5 curare-tipped darts
 B - 3 javelins
Armour
 b - a +0 chain mail (worn)
 c - a +0 kite shield (worn)
 f - a +0 pair of boots (worn)
 t - a +0 helmet (worn)
 x - a +0 cloak (worn)
Jewellery
 a - a +4 ring of evasion (left hand)
 n - a +6 ring of strength (right hand)
 F - an amulet of faith (around neck)
Wands
 i - a wand of random effects (17)
 r - a wand of digging (5)
 s - a wand of disintegration (6)
Scrolls
 d - 4 scrolls of random uselessness {unknown}
 o - 3 scrolls of amnesia
 p - a scroll of fear
 v - a scroll of immolation
 y - a scroll of acquirement {unknown}
 A - 4 scrolls of teleportation
 H - a scroll of noise {unknown}
 L - a scroll of enchant weapon {unknown}
Potions
 e - a potion of curing
 g - a potion of ambrosia {unknown}
 j - a potion of lignification {unknown}
 l - 3 potions of flight {unknown}
 m - 2 potions of attraction
 q - 2 potions of mutation {unknown}
 u - a potion of invisibility {unknown}
 w - 2 potions of degeneration {unknown}
 z - 2 potions of heal wounds {unknown}
 C - a potion of cancellation {unknown}
 E - 2 potions of magic {unknown}
 K - a potion of brilliance {unknown}


   Skills:
 + Level 8.2 Fighting
 + Level 12.7 Axes
 + Level 6.8 Armour
 + Level 2.1 Dodging
 + Level 0.5 Stealth
 + Level 6.8 Shields
 + Level 0.2 Evocations


You had 9 spell levels left.
You didn't know any spells.
Your spell library was empty.

Dungeon Overview and Level Annotations

Branches:
Dungeon (8/15)             Temple (1/1) D:5           Sewer (visited)
   Lair: D:8-11

Altars:
Ashenzari
Cheibriados
Elyvilon
Fedhas
Gozag
Hepliaklqana
Kikubaaqudgha
Makhleb
Nemelex Xobeh
Qazlal
Ru
Sif Muna
Trog
Uskayaw
Vehumet
Wu Jian
Xom
Yredelemnul
The Shining One

Annotations:
D:8 drugrobin's ghost, novice DgWr


Message History

The flame cauterises the wound!
You hit the eight-headed hydra. You burn the eight-headed hydra.
Drugrobin's ghost misses you.
You block the nine-headed hydra's attack.
The nine-headed hydra bites you!
You block the nine-headed hydra's attack.
The nine-headed hydra completely misses you.
The nine-headed hydra bites you but does no damage. x2
You block the nine-headed hydra's attack.
The nine-headed hydra bites you!
* * * LOW HITPOINT WARNING * * *
The nine-headed hydra bites you.
* * * LOW HITPOINT WARNING * * *
You block the eight-headed hydra's attack.
The eight-headed hydra bites you!
* * * LOW HITPOINT WARNING * * *
The eight-headed hydra bites you but does no damage.
The eight-headed hydra misses you.
The eight-headed hydra bites you but does no damage.
The eight-headed hydra bites you!
You die...

#....# #....# .(+
#....# ..# #....#
...# #....# ...#.
#....# ....'.
#....#####....#
#...<......##
#.......@...#
#....##DWD###
#...##.....##
#...#♣......#
#..)#≈$.).(≈#
......#♣.....≈#
........##....♣##
.........##♣≈P#
.........


You could see a nine-headed hydra, an eight-headed hydra and drugrobin's ghost.

Vanquished Creatures
  Pikel (D:4)
  Grinder (D:3)
  An ice beast (D:6)
  An orc warrior (D:6)
  2 sky beasts
  3 phantoms
  4 necrophages (D:6)
  A centaur (D:7)
  5 ogres
  2 lemures (D:4)
  Blork the orc (D:5)
  3 bullfrogs
  A wyvern skeleton (D:6)
  2 scorpions
  A howler monkey (D:4)
  3 vampire bats (D:6)
  A bullfrog zombie (D:5)
  3 orc priests
  A hound (D:7)
  A jelly (D:5)
  A gnoll shaman (D:6)
  7 orc wizards
  Crazy Yiuf (D:3)
  Natasha (twice) (D:4)
  Ijyb (D:3)
  An iguana (D:4)
  6 worker ants
  A hound zombie (D:6)
  A hound skeleton (D:5)
  2 worker ant zombies (D:6)
  Robin (D:3)
  4 gnolls
  A howler monkey skeleton (D:4)
  13 adders
  A river rat (D:5)
  4 shadow imps
  2 ufetubi (D:5)
  An adder skeleton (D:4)
  An adder zombie (D:6)
  4 worms
  A dart slug (D:1)
  8 leopard geckos
  21 orcs
  9 ball pythons
  8 giant cockroaches
  11 goblins
  7 hobgoblins
  14 jackals
  5 quokkas
  A ball python skeleton (D:5)
  12 bats
  9 frilled lizards
  9 kobolds
  A leopard gecko zombie (D:6)
  A quokka skeleton (D:4)
  13 rats
  3 bushes (D:6)
226 creatures vanquished.

Vanquished Creatures (others)
  22 plants
22 creatures vanquished.

Grand Total: 248 creatures vanquished

Notes
Turn   | Place    | Note
-------+----------+-------------------------------------------
     0 | D:1      | mhtbhm the Hill Orc Fighter began the quest for the Orb.
     0 | D:1      | Reached XP level 1. HP: 19/19 MP: 1/1
   235 | D:1      | Reached XP level 2. HP: 27/27 MP: 2/2
   442 | D:1      | Reached skill level 3 in Axes
   606 | D:1      | Found a sacrificial altar of Ru.
   611 | D:1      | Found a shimmering altar of Xom.
   611 | D:1      | Found an iron altar of Okawaru.
   613 | D:1      | Found a blossoming altar of Fedhas.
   613 | D:1      | Found a stormy altar of Qazlal.
   613 | D:1      | Found an ancient bone altar of Kikubaaqudgha.
   919 | D:2      | Reached XP level 3. HP: 33/33 MP: 3/3
   932 | D:2      | Reached skill level 1 in Dodging
  1355 | D:2      | Found a sparkling altar of Nemelex Xobeh.
  1373 | D:2      | Reached skill level 4 in Axes
  1373 | D:2      | Reached XP level 4. HP: 17/40 MP: 4/4
  2075 | D:3      | Found a bloodstained altar of Trog.
  2098 | D:3      | Noticed Ijyb
  2109 | D:3      | Killed Ijyb
  2169 | D:3      | Noticed Robin
  2180 | D:3      | Killed Robin
  2181 | D:3      | Reached XP level 5. HP: 43/46 MP: 5/5
  2425 | D:3      | Reached skill level 5 in Axes
  2534 | D:3      | Noticed Grinder
  2555 | D:3      | Killed Grinder
  2556 | D:3      | Reached skill level 6 in Axes
  2556 | D:3      | Reached XP level 6. HP: 20/53 MP: 6/6
  3075 | D:3      | Found a runed translucent door.
  3076 | D:3      | Noticed Crazy Yiuf
  3151 | D:3      | Killed Crazy Yiuf
  3223 | D:4      | Noticed Natasha
  3232 | D:4      | Killed Natasha
  3233 | D:4      | Reached skill level 7 in Axes
  3233 | D:4      | Reached XP level 7. HP: 57/60 MP: 7/7
  3447 | D:4      | Found a sacrificial altar of Ru.
  3578 | D:4      | Reached skill level 8 in Axes
  4010 | D:4      | Noticed Pikel
  4028 | D:4      | Killed Pikel
  4029 | D:4      | Reached skill level 5 in Fighting
  4029 | D:4      | Reached skill level 9 in Axes
  4029 | D:4      | Reached skill level 5 in Shields
  4029 | D:4      | Reached XP level 8. HP: 48/69 MP: 8/8
  4130 | D:4      | Found a hide-covered altar of Uskayaw.
  4220 | D:4      | Reached skill level 10 in Axes
  4312 | D:4      | Got a transparent hunting sling
  4315 | D:4      | Identified the +5 hunting sling of Objectivity {speed,
                  | Int+4} (You found it on level 4 of the Dungeon)
  4343 | D:4      | Noticed Natasha
  4356 | D:4      | Killed Natasha
  4404 | D:5      | Entered Level 5 of the Dungeon
  4421 | D:5      | Reached skill level 5 in Armour
  4484 | D:5      | Found a staircase to the Ecumenical Temple.
  4504 | Temple   | Entered the Ecumenical Temple
  4627 | D:5      | Found a glowing drain.
  4650 | Sewer    | Entered a sewer
  5348 | D:5      | Reached XP level 9. HP: 32/75 MP: 9/9
  5690 | D:5      | You fall into a shaft and drop 1 floor!
  5811 | D:6      | Found a broken altar of Ashenzari.
  5879 | D:6      | Reached skill level 11 in Axes
  5890 | D:6      | Found a stormy altar of Qazlal.
  6816 | D:6      | Found a blossoming altar of Fedhas.
  7100 | D:5      | Noticed Blork the orc
  7106 | D:5      | Killed Blork the orc
  7877 | D:7      | Reached skill level 12 in Axes
  7924 | D:7      | Found a basalt altar of Yredelemnul.
  8343 | D:7      | Reached XP level 10. HP: 88/88 MP: 10/10
  8609 | D:7      | Found a white marble altar of Elyvilon.
  8687 | D:8      | Found a runed translucent gate.
  8687 | D:8      | Found a runed translucent gate.
  8687 | D:8      | Found a runed translucent gate.
  8687 | D:8      | Noticed an 11-headed hydra
  8687 | D:8      | Noticed a ten-headed hydra
  8687 | D:8      | Noticed drugrobin's ghost (novice DgWr)
  8708 | D:8      | Slain by an eight-headed hydra

Illustrated notes

Levels and vault maps discovered:
D:1:      lemuel_arrival_lava_pool, layout_basic, doesnt_xom_only_xom
D:2:      layout_basic, overflow_temple_1_default, serial_forest,
          infiniplex_forest_zigzag_1, infiniplex_forest_zigzag_1,
          infiniplex_forest_lined_4_way, infiniplex_forest_side_room,
          infiniplex_forest_lined_3
D:3:      layout_loops_ring, lemuel_doored_altar, st_stairs_5, uniq_grinder,
          uniq_crazy_yiuf_cottage, uniq_robin, uniq_ijyb
D:4:      layout_gridville, lemuel_crystal_altar,
          nicolae_ru_great_annihilating_truth, uniq_natasha, uniq_pikel
D:5:      layout_basic, minmay_temple_entry_waves, portal_sewer_entry_a,
          uniq_blork_the_orc
D:6:      layout_basic, nicolae_ashenzari_panopticon,
          fedhas_altar_decomposition, nicolae_overflow_crystal_walls,
          wad_floor_pattern_untrapped, roderic_batcave, grunt_decor_clamped,
          hangedman_decor_diamond_cutter
D:7:      layout_gridville, kennysheep_ying_yang, minmay_bent
D:8:      layout_gridville, basic_altar, gammafunk_ghost_hydra_chop
Temple:   dpeg_three_leaves_temple

Skill      XL: |  1  2  3  4  5  6  7  8  9 |
---------------+----------------------------+-----
Axes           | 3 4 6 7 9 10 12 | 12.7
Dodging        | 1 2 |  2.1
Fighting       | 4 5 6 8 |  8.2
Armour         | 4 5 6 |  6.8
Shields        | 4 5 6 |  6.8
Stealth        | |  0.5
Evocations     | |  0.2

Action                   |  1- 3 |  4- 6 |  7- 9 | 10-12 || total
-------------------------+-------+-------+-------+-------++-------
Melee: War axe           |   129 |   130 |   477 |    27 ||   763
Evoke: Wand              |       |     1 |     1 |       ||     2
  Use: Scroll            |       |     1 |     5 |     1 ||     7
       Potion            |       |       |     2 |     1 ||     3
Armor: Scale mail        |    78 |    31 |       |       ||   109
       Chain mail        |       |    14 |   209 |     9 ||   232
Dodge: Dodged            |    62 |    36 |   103 |    25 ||   226
Block: Kite shield       |    55 |    68 |   233 |    19 ||   375

Table legend: (Time is in decaauts)
 A = Elapsed time spent in this place.
 B = Non-inter-level travel time spent in this place.
 C = Inter-level travel time spent in this place.
 D = Time resting spent in this place.
 E = Time spent auto-exploring this place.
 F = Levels seen in this place.
 G = Mean time per level.
                   A        B        C        D        E       F      G
               +--------+--------+--------+--------+--------+-----+--------+
         Total |   8959 |   8827 |    132 |    832 |   5875 |  10 |  895.9 |
       Dungeon |   8066 |   7934 |    132 |    832 |   5218 |   8 | 1008.2 |
        Temple |     82 |     82 |      0 |      0 |      0 |   1 |   82.0 |
         Sewer |    810 |    810 |      0 |      0 |    657 |   1 |  810.0 |
               +--------+--------+--------+--------+--------+-----+--------+

Top non-repeatable levels by time:
     D:6: 1449 daAuts
     D:5: 1225 daAuts
     D:4: 1201 daAuts
     D:3: 1200 daAuts
     D:2: 1197 daAuts
     D:1: 913 daAuts
     D:7: 857 daAuts
   Sewer: 810 daAuts
  Temple: 82 daAuts
     D:8: 20 daAuts
